 Dungeon Crawl Stone Soup version 0.19-a0-1790-g026f1ef (webtiles) character file.

102 Proteus the Covert (level 4, -1/22 HPs)
             Began as a Spriggan Assassin on Oct 4, 2016.
             Was an Initiate of Okawaru.
             Slain by a bullfrog (8 damage)
             ... on level 3 of the Dungeon.
             The game lasted 00:05:19 (2909 turns).

Proteus the Covert (Spriggan Assassin)              Turns: 2909, Time: 00:05:20

Health: -1/22      AC:  3    Str:  7    XL:     4   Next: 50%
Magic:  5/5        EV: 17    Int: 12    God:    Okawaru [......]
Gold:   49         SH:  0    Dex: 18    Spells: 0 memorised, 3 levels left

rFire  . . .     SeeInvis +     a - +2 dagger
rCold  + . .     Gourm    .     c - +0 robe
rNeg   . . .     Faith    .     (shield restricted)
rPois  .         Spirit   .     (helmet restricted)
rElec  .         Dismiss  .     d - +0 cloak
rCorr  .         Reflect  .     (gloves unavailable)
MR     .....     Harm     .     (boots unavailable)
Stlth  +++++.....               (no amulet)
                                (no ring)
                                (no ring)

@: very quick
A: unfitting armour, see invisible, cold resistance 1, herbivore 3, speed 3,
slow metabolism 2
a: Renounce Religion


You were on level 3 of the Dungeon.
You worshipped Okawaru.
Okawaru was noncommittal.
You were not hungry.

You visited 1 branch of the dungeon, and saw 3 of its levels.

You collected 49 gold pieces.

Inventory:

Hand Weapons
 a - a +2 dagger (weapon)
 b - a +2 blowgun
Missiles
 e - 7 poisoned needles
 f - 2 curare-tipped needles
Armour
 c - a +0 robe (worn)
 d - a +0 cloak (worn)
Scrolls
 h - a scroll of remove curse
 o - a scroll of immolation
 q - a scroll of amnesia
Potions
 k - a potion of curing
 m - a potion of degeneration {unknown}
 n - a potion of flight {unknown}
 r - a potion of berserk rage {unknown}
Comestibles
 g - 3 bread rations
 p - a slice of pizza


   Skills:
 - Level 1.5 Fighting
 - Level 2.1 Short Blades
 - Level 2.0 Throwing
 - Level 1.5 Dodging
 + Level 9.1 Stealth


You had 3 spell levels left.
You didn't know any spells.

Dungeon Overview and Level Annotations

Branches:
Dungeon (3/15)

Altars:
Elyvilon
Hepliaklqana
Okawaru
Zin


Innate Abilities, Weirdness & Mutations

You are very small and have problems with some larger weapons.
You are too small for most types of armour.
You have supernaturally acute eyesight. (SInv)
You are a herbivore.
You cover ground extremely quickly.
You need consume almost no food.
Your flesh is cold resistant. (rC+)


Message History

The bullfrog is moderately wounded.
The bullfrog misses you.
You hit the bullfrog.
The bullfrog is heavily wounded.
The bullfrog hits you.
You hit the bullfrog.
The bullfrog is severely wounded.
The bullfrog completely misses you. The bullfrog misses you.
You hit the bullfrog but do no damage.
The bullfrog is severely wounded.
The bullfrog hits you.
The giant cockroach completely misses you.
You hit the bullfrog.
The bullfrog is almost dead.
The bullfrog hits you. The giant cockroach barely misses you.
You closely miss the bullfrog.
The bullfrog is almost dead.
The bullfrog hits you. The giant cockroach closely misses you.
The bullfrog hits you!
You die...

......#.###'###..#####
........# #.# #..# #
.... #..###.###...####
.....#..'.._###.......
........###.###...##..
#######.# #.# #......#
#...###+###..#....
#.......... ....<.
########@.........
....##
........Fs.......###..#
#
........(.............
#
.............##.......
.............##.[.....
...#####.#....##......
.. #.##........... ..#
#.###.........$ ..
###(#####........


You could see a bullfrog and a giant cockroach.

Vanquished Creatures
  2 adders
  An ooze (D:1)
  3 worms (D:2)
  2 leopard geckos
  8 orcs
  6 bats
  A giant cockroach (D:1)
  6 goblins
  5 hobgoblins
  5 jackals (D:1)
  5 kobolds
  A quokka (D:2)
  2 ball pythons (D:2)
  5 frilled lizards
  6 rats
58 creatures vanquished.

Notes
Turn   | Place    | Note
-------+----------+-------------------------------------------
     0 | D:1      | Proteus the Spriggan Assassin began the quest for the Orb.
     0 | D:1      | Reached XP level 1. HP: 10/10 MP: 2/2
    50 | D:1      | Reached skill level 6 in Stealth
   237 | D:1      | Reached XP level 2. HP: 14/14 MP: 3/3
   420 | D:1      | Reached skill level 7 in Stealth
   987 | D:1      | Reached XP level 3. HP: 17/18 MP: 4/4
  1487 | D:2      | Reached skill level 8 in Stealth
  1503 | D:2      | Found a hazy altar of Hepliaklqana.
  2056 | D:2      | Reached XP level 4. HP: 17/22 MP: 5/5
  2208 | D:2      | Found a glowing silver altar of Zin.
  2229 | D:2      | Found an iron altar of Okawaru.
  2243 | D:2      | Became a worshipper of Warmaster Okawaru
  2471 | D:3      | Gained mutation: Your flesh is cold resistant. (rC+) [potion of beneficial mutation]
  2840 | D:3      | Found a white marble altar of Elyvilon.
  2876 | D:3      | Noticed a bullfrog
  2881 | D:3      | Reached skill level 9 in Stealth
  2909 | D:3      | Slain by a bullfrog

Vault maps used:
D:1:      dpeg_arrival_brainrot, fountainhead
D:2:      okawaru_gym_becter, nicolae_overflow_crystal_walls, zin_treasury
D:3:      lemuel_doored_altar, overflow_temple_1_default, serial_aquarium,
          aquarium_bridge_square, aquarium_bridge_long_joined,
          aquarium_window_1, aquarium_window_3, aquarium_window_2,
          aquarium_view_2a, aquarium_pool_2, ecumenical_altar_1, first_bread

Skill      XL: |  1  2  3  4 |
---------------+-------------+-----
Stealth        | 6 7 8 9 |  9.1
Fighting       | |  1.5
Short Blades   | |  2.1
Throwing       | |  2.0
Dodging        | |  1.5

Action                   |  1- 3 |  4- 6 || total
-------------------------+-------+-------++-------
Melee: Dagger            |   127 |    60 ||   187
 Fire: Blowgun           |       |     1 ||     1
  Use: Scroll            |       |     7 ||     7
       Potion            |       |     2 ||     2
 Stab: Sleeping          |    19 |     4 ||    23
       Distracted        |       |     2 ||     2
Armor: Robe              |     8 |     9 ||    17
Dodge: Dodged            |    91 |    65 ||   156
